 Dungeon Crawl Stone Soup version 0.31-a0-360-gb3e1d13bf4 (webtiles) character file.

Game seed: 6629463372540062028

23 freelancePsychic the Cutter (level 2, 27/27 HPs)
             Began as a Troll Wanderer on July 26, 2023.
             Was a Believer of Elyvilon.
             Quit the game on level 1 of the Dungeon.
             The game lasted 00:01:15 (646 turns).

freelancePsychic the Cutter (Troll Wanderer)         Turns: 646, Time: 00:01:15

Health: 27/27      AC:  4    Str: 16    XL:     2   Next: 72%
Magic:  2/2        EV:  9    Int:  8    God:    Elyvilon [**....]
Gold:   41         SH:  0    Dex: 12    Spells: 2/3 levels left

rFire   . .          .
                       - Unarmed
rCold   . . .        (no shield)
rNeg    . . .        d - +0 robe
rPois   .            b - +0 hat
rElec   .            (no cloak)
rCorr   .            (gloves unavailable)
SInv    .            (boots unavailable)
Will    .....        (no amulet)
Stlth   ++           (no ring)
HPRegen 1.04/turn    (no ring)
MPRegen 0.08/turn

%: no passive effects
@: no status effects
A: large, unfitting armour, claws 3, regeneration 1, shaggy fur 1, tough skin 1
a: Renounce Religion, Purification, Heal Other


You were on level 1 of the Dungeon.
You worshipped Elyvilon.
Elyvilon was pleased with you.
You visited 1 branch of the dungeon, and saw 1 of its levels.

You collected 41 gold pieces.

Inventory:

Armour
 b - a +0 hat (worn)
 d - a +0 robe (worn)
Scrolls
 e - a scroll of teleportation {unknown}
 f - a scroll of vulnerability {unknown}
 g - a scroll of enchant weapon {unknown}
Potions
 a - a potion of might {unknown}
 c - a potion of curing {@q1}


   Skills:
 + Level 1.5 Fighting
 - Level 3.2 Short Blades
 - Level 1.0 Throwing
 - Level 1.0 Stealth
 * Level 1.9 Unarmed Combat
 - Level 1.0 Spellcasting
 - Level 1.2 Hexes
 + Level 0.0 Invocations


You had 2 spell levels left.
You knew the following spells:

 Your Spells              Type           Power      Damage    Failure   Level
a - Slow                  Hex            8%         N/A       24%         1

Your spell library contained the following spells:

 Spells                   Type           Power      Damage    Failure   Level
 Summon Guardian Golem    Hex/Summ       1%         N/A       67%         3
 Anguish                  Hex/Necr       0%         N/A       97%         4
 Haunt                    Necr/Summ      0%         N/A       100%        7
 Fire Storm               Conj/Fire      0%         5d1       100%        9


Dungeon Overview and Level Annotations

Branches:
Dungeon (1/15)

Altars:
Elyvilon


Innate Abilities, Weirdness & Mutations

You are too large for most types of armour.
You have claws for hands.
Your natural rate of healing is unusually fast.
You are covered in fur. (AC +1)
You have tough skin. (AC +1)


Message History

A ball python is nearby!
You scratch the ball python but do no damage.
The ball python barely misses you.
You claw the ball python!
You kill the ball python!
No target in view!
No target in view!
No target in view!
No target in view!
No target in view!
No target in view!
No target in view!
No target in view!
You see here a ball python corpse.
Found a stone staircase leading down.
There is a stone staircase leading down here.
You now have 38 gold pieces (gained 7).
You now have 41 gold pieces (gained 3).
A frilled lizard comes into view.
The helpless frilled lizard fails to defend itself.
You claw the frilled lizard!
You kill the frilled lizard!
No target in view!
No target in view!
No target in view!
No target in view!
No target in view!
No target in view!
No target in view!
No target in view!
No target in view!
No target in view!
You can now heal and attempt to pacify others.
Found a rapier.
Found a ring mail.
A rat comes into view.
A rat is nearby!
A rat is nearby!
A rat is nearby!
Are you sure you want to abandon this character and quit the game? (Confirm with "yes".)

♣ ♣♣ #. #########.
#####.........
#.........###.
...########.........# ##
.......@............# #
..r######...........####
#..............##
##............#.##
##.............#.##
##..............#.##
####...............#...
.............#.........
##.....)....#####.####


You could see a rat (asleep).

Vanquished Creatures
  A bat (D:1)
  3 endoplasms (D:1)
  2 giant cockroaches (D:1)
  4 goblins (D:1)
  A hobgoblin (D:1)
  3 ball pythons (D:1)
  2 frilled lizards (D:1)
  A kobold (D:1)
  4 rats (D:1)
21 creatures vanquished.

Notes
Turn   | Place    | Note
-------+----------+-------------------------------------------
     0 | D:1      | freelancePsychic the Troll Wanderer began the quest for the
                  | Orb.
     0 | D:1      | freelancePsychic set off with the following items: a +2
                  | short sword, a +0 hat, a potion of curing {@q1}, a +0 robe;
                  | and the following spell memorised: Slow; and the following
                  | spells available to memorise: Summon Guardian Golem.
     0 | D:1      | Reached XP level 1. HP: 19/19 MP: 1/1
   214 | D:1      | Reached skill level 1 in Unarmed Combat
   227 | D:1      | Found a faded altar of an unknown god.
   227 | D:1      | Noticed a crimson imp
   240 | D:1      | Prayed at the altar of an unknown god.
   240 | D:1      | Became a worshipper of Elyvilon the Healer
   240 | D:1      | Reached * piety under Elyvilon
   261 | D:1      | Reached XP level 2. HP: 27/27 MP: 2/2
   353 | D:1      | Got the Exposition on the Crypt and Flames
   619 | D:1      | Reached ** piety under Elyvilon
   646 | D:1      | Quit the game

Illustrated notes

Levels and vault maps discovered:
D:1:      kilobyte_arrival_exit_the_forest, layout_loops_ring,
          dreamdust_ecumenical_altar_sealed_demon

Skill      XL: |  1 |
---------------+----+-----
Unarmed Combat | 1 |  1.9
Fighting       | |  1.5
Short Blades   | |  3.2
Throwing       | |  1.0
Stealth        | |  1.0
Spellcasting   | |  1.0
Hexes          | |  1.2

Action                     || total
---------------------------++-------
  Melee: Unarmed           ||    51
   Stab: Sleeping          ||     5
 Armour: Robe              ||    14
  Dodge: Dodged            ||    20

Table legend: (Time is in decaauts)
 A = Elapsed time spent in this place.
 B = Non-inter-level travel time spent in this place.
 C = Inter-level travel time spent in this place.
 D = Time resting spent in this place.
 E = Time spent auto-exploring this place.
 F = Levels seen in this place.
 G = Mean time per level.
                   A        B        C        D        E       F      G
               +--------+--------+--------+--------+--------+-----+--------+
         Total |    644 |    644 |      0 |      0 |    490 |   1 |  644.0 |
       Dungeon |    644 |    644 |      0 |      0 |    490 |   1 |  644.0 |
               +--------+--------+--------+--------+--------+-----+--------+

Top non-repeatable levels by time:
     D:1: 644 daAuts
